[Event "ICC tourney 2333 (75 10)"]
[Site "Internet Chess Club"]
[Date "2021.01.24"]
[Round "4"]
[White "SaltyCarrot777"]
[Black "closedforce"]
[Result "1-0"]
[ICCResult "Black checkmated"]
[WhiteElo "1941"]
[BlackElo "1922"]
[Opening "French: Tarrasch, Botvinnik variation"]
[ECO "C05"]
[NIC "FR.17"]
[Time "13:01:25"]
[PlyCount "99"]
[TimeControl "4500+10"]

1. e4 e6 2. d4 d5 3. Nd2 Nf6 4. e5 Nfd7 5. Bd3 c5 6. c3 b6 7. Ne2 Ba6 8.
Bxa6 Nxa6 9. Nf3 Be7 10. O-O Nc7 11. Ng3 c4 12. a4 a6 13. Nh5 g6 14. Nf4 b5
15. g3 Nb6 16. a5 Na4 17. h4 Rc8 18. h5 Na8 19. Nh3 Qxa5 20. Nfg5 Rc6 21.
Qf3 O-O 22. Qg4 Kg7 23. hxg6 hxg6 24. Qh4 Rh8 25. Qf4 Rf8 26. Nxf7 Rxf7 27.
Qh6+ Kg8 28. Qxg6+ Kf8 29. Bh6+ Ke8 30. Qg8+ Bf8 31. Ng5 Qc7 32. f4 N8b6
33. Nxe6 Rxe6 34. Bxf8 Rxf8 35. Qxe6+ Qe7 36. Qh6 Rg8 37. Kg2 Qg7 38. Qxg7
Rxg7 39. f5 Kf7 40. f6 Rg8 41. Rae1 Ke6 42. Rf2 a5 43. Rh1 Rf8 44. g4 b4
45. g5 bxc3 46. g6 cxb2 47. f7 c3 48. g7 c2 49. gxf8=Q c1=Q 50. Qd6# {
Black checkmated } 1-0

[Event "ICC tourney 2333 (75 10)"]
[Site "Internet Chess Club"]
[Date "2021.01.24"]
[Round "4"]
[White "ryanwang"]
[Black "largecrab"]
[Result "0-1"]
[ICCResult "White resigns"]
[WhiteElo "1911"]
[BlackElo "2166"]
[Opening "Sicilian: accelerated fianchetto, Maróczy bind"]
[ECO "B36"]
[NIC "SI.33"]
[Time "13:02:03"]
[PlyCount "62"]
[TimeControl "4500+10"]

1. e4 c5 2. Nf3 Nc6 3. d4 cxd4 4. Nxd4 g6 5. c4 Nf6 6. Nc3 d6 7. Be2 Nxd4
8. Qxd4 Bg7 9. Be3 O-O 10. Qd2 Be6 11. Rc1 Qa5 12. O-O Rfc8 13. b3 Nd7 14.
Bd3 Ne5 15. Bb1 Bxc4 16. Nd5 Qxd2 17. Nxe7+ Kf8 18. Bxd2 Kxe7 19. bxc4 Nxc4
20. Bg5+ f6 21. Bf4 b5 22. Rcd1 Rc5 23. Rd3 Bf8 24. Rfd1 Ke8 25. Rd5 Nb2
26. R1d4 Rac8 27. h4 Na4 28. Bd2 Nb6 29. Rxc5 dxc5 30. Rd3 c4 31. Rf3 Rd8 {
White resigns } 0-1

[Event "ICC tourney 2333 (75 10)"]
[Site "Internet Chess Club"]
[Date "2021.01.24"]
[Round "4"]
[White "kunalsh"]
[Black "saisneha"]
[Result "0-1"]
[ICCResult "White checkmated"]
[WhiteElo "2054"]
[BlackElo "1927"]
[Opening "Ruy Lopez: closed, Pilnik variation"]
[ECO "C90"]
[NIC "RL.19"]
[Time "13:01:37"]
[PlyCount "92"]
[TimeControl "4500+10"]

1. e4 e5 2. Nf3 Nc6 3. Bb5 a6 4. Ba4 Nf6 5. O-O Be7 6. Re1 b5 7. Bb3 d6 8.
c3 O-O 9. d3 Bb7 10. h3 Na5 11. Bc2 c5 12. Nbd2 Qc7 13. Nf1 Rfe8 14. Ne3
Bf8 15. Nh2 d5 16. Nhg4 Nxg4 17. Qxg4 d4 18. Nf5 Kh8 19. f4 g6 20. Ng3 Rad8
21. Rf1 c4 22. dxc4 d3 23. fxe5 dxc2 24. Bg5 Nxc4 25. Bxd8 Rxd8 26. Qf4
Nxe5 27. Rac1 Qb6+ 28. Kh1 Nd3 29. Qxf7 Nxc1 30. Rxc1 Rd1+ 31. Nf1 Qd8 32.
Rxc2 Bxe4 33. Rf2 Bc5 34. Re2 Qd3 35. Qe8+ Kg7 36. Qe5+ Kh6 37. Qf4+ g5 38.
Qf6+ Bg6 39. Rf2 Qe3 40. Kg1 Qe1 41. Kh2 Qxf2 42. Qc6 Rxf1 43. b4 Qf4+ 44.
g3 Bg1+ 45. Kg2 Qf2+ 46. Kh1 Qh2# { White checkmated } 0-1

[Event "ICC tourney 2333 (75 10)"]
[Site "Internet Chess Club"]
[Date "2021.01.24"]
[Round "4"]
[White "pika0008"]
[Black "jy2020"]
[Result "1/2-1/2"]
[ICCResult "Game drawn because neither player has mating material"]
[WhiteElo "1895"]
[BlackElo "2213"]
[Opening "English: Wimpey system"]
[ECO "A05"]
[NIC "QP.11"]
[Time "13:01:28"]
[PlyCount "131"]
[TimeControl "4500+10"]

1. Nf3 Nf6 2. c4 e6 3. e3 d5 4. b3 c5 5. Bb2 Nc6 6. cxd5 Nxd5 7. Be2 f6 8.
O-O Be7 9. d4 O-O 10. Nc3 Nc7 11. dxc5 Bxc5 12. Ne4 Be7 13. Rc1 f5 14. Nc3
Bf6 15. Qxd8 Rxd8 16. Na4 Bxb2 17. Nxb2 Bd7 18. Rfd1 Be8 19. Nc4 Nd5 20.
Nce5 Rac8 21. Nxc6 Bxc6 22. Nd4 Kf7 23. Nxc6 Rxc6 24. Rxc6 bxc6 25. Bc4 Ke7
26. g3 e5 27. Bxd5 cxd5 28. Kf1 Kd6 29. Ke2 Rc8 30. h4 g6 31. f4 exf4 32.
exf4 Rc3 33. Rd3 Rc1 34. Kd2 Rg1 35. Kc3 Kc5 36. b4+ Kd6 37. Kb3 Re1 38. a3
Re4 39. Kc3 a5 40. Kb3 a4+ 41. Kxa4 d4 42. Kb5 Kd5 43. a4 Re8 44. Rd1 Rb8+
45. Ka5 Kc4 46. Rc1+ Kb3 47. Rd1 Rd8 48. Kb6 Kxb4 49. Kc7 Rd5 50. Kc6 Rd8
51. Kc7 Ra8 52. Kb7 Rd8 53. Kc7 Rd5 54. Kc6 Rc5+ 55. Kd6 Rc3 56. Rxd4+ Ka5
57. Ke5 h5 58. Kf6 Rxg3 59. Kg7 Rg4 60. Rd6 Rxh4 61. Kxg6 Rxf4 62. Kxh5 Rf1
63. Rf6 Kxa4 64. Kg5 f4 65. Rxf4+ Rxf4 66. Kxf4 { Game drawn because
neither player has mating material } 1/2-1/2

[Event "ICC tourney 2333 (75 10)"]
[Site "Internet Chess Club"]
[Date "2021.01.24"]
[Round "4"]
[White "JQX2019"]
[Black "investigator"]
[Result "1-0"]
[ICCResult "Black resigns"]
[WhiteElo "1910"]
[BlackElo "2090"]
[Opening "King's Indian: 4.e4"]
[ECO "E70"]
[NIC "KI.31"]
[Time "13:01:39"]
[PlyCount "81"]
[TimeControl "4500+10"]

1. d4 Nf6 2. c4 g6 3. Nc3 Bg7 4. e4 d6 5. Bd3 O-O 6. Nge2 c5 7. d5 e6 8.
O-O exd5 9. exd5 Ng4 10. Bc2 a6 11. a4 Nd7 12. Bf4 Nde5 13. b3 Nh6 14. Qd2
Nf5 15. Kh1 Bd7 16. h3 Nd4 17. Rad1 Nxc2 18. Qxc2 b5 19. cxb5 Qa5 20. Bd2
Qb6 21. f4 Bf5 22. Qa2 Nd3 23. a5 Qd8 24. b6 Qh4 25. Kg1 Rae8 26. Rf3 Bd4+
27. Kh2 Bg4 28. Rxd3 Bxe2 29. Be1 Qxf4+ 30. Bg3 Qxg3+ 31. Kxg3 Be5+ 32. Kf2
Bxc3 33. Qxe2 Rxe2+ 34. Kxe2 Bxa5 35. Ra1 Bxb6 36. Rxa6 Bc7 37. Rc6 Bb8 38.
Re3 Kg7 39. Re7 Kf6 40. Rb7 Ke5 41. Rcb6 { Black resigns } 1-0

[Event "ICC tourney 2333 (75 10)"]
[Site "Internet Chess Club"]
[Date "2021.01.24"]
[Round "4"]
[White "KittiesRock18"]
[Black "WonderZ"]
[Result "1/2-1/2"]
[ICCResult "Game drawn by repetition"]
[WhiteElo "1905"]
[BlackElo "2064"]
[Opening "Sicilian: Sozin, Leonhardt variation"]
[ECO "B88"]
[NIC "SI.26"]
[Time "13:01:32"]
[PlyCount "112"]
[TimeControl "4500+10"]

1. e4 c5 2. Nf3 d6 3. d4 cxd4 4. Nxd4 Nf6 5. Nc3 Nc6 6. Bc4 e6 7. O-O Be7
8. Be3 O-O 9. Qe2 a6 10. a4 Qc7 11. f3 Bd7 12. Nxc6 Bxc6 13. Bb3 Rfe8 14.
Qd2 d5 15. exd5 Rad8 16. Qf2 Bxd5 17. Bb6 Qc6 18. Nxd5 Nxd5 19. Bd4 e5 20.
Bxe5 Ne3 21. Rfe1 Bc5 22. Rxe3 Rxe5 23. Rxe5 Bxf2+ 24. Kxf2 Rd2+ 25. Kf1 h5
26. Rae1 Qb6 27. R1e2 Rd1+ 28. Re1 Qd4 29. Rxd1 Qxd1+ 30. Re1 Qd8 31. Re5
h4 32. Rf5 Qd1+ 33. Kf2 Qd2+ 34. Kf1 h3 35. Bxf7+ Kf8 36. Bb3+ Ke8 37. Re5+
Kf8 38. gxh3 Qxh2 39. Rf5+ Ke8 40. Rg5 Qxh3+ 41. Ke2 Qh2+ 42. Ke3 Qh6 43.
f4 Kd8 44. Rd5+ Kc7 45. Rc5+ Kb8 46. Rg5 Qf6 47. Re5 Qh4 48. Re8+ Ka7 49.
Re4 Qe1+ 50. Kd3 Qd1+ 51. Kc4 Qf3 52. Kd4 Qf2+ 53. Kd3 Qf3+ 54. Kd4 Qf2+
55. Kd3 Qf3+ 56. Kd4 Qf2+ { Game drawn by repetition } 1/2-1/2

[Event "ICC tourney 2333 (75 10)"]
[Site "Internet Chess Club"]
[Date "2021.01.24"]
[Round "4"]
[White "AJM04"]
[Black "RisingRook"]
[Result "1/2-1/2"]
[ICCResult "Game drawn by mutual agreement"]
[WhiteElo "2050"]
[BlackElo "1988"]
[Opening "Sicilian: closed, 6.Be3"]
[ECO "B26"]
[NIC "SI.45"]
[Time "13:01:32"]
[PlyCount "95"]
[TimeControl "4500+10"]

1. e4 c5 2. Nc3 Nc6 3. g3 g6 4. Bg2 Bg7 5. d3 d6 6. Be3 e5 7. Nge2 Nge7 8.
O-O O-O 9. Qd2 f5 10. f4 Be6 11. Nd5 Qd7 12. Nec3 Nd4 13. Rae1 Rae8 14.
Nxe7+ Rxe7 15. Nd5 Ree8 16. fxe5 Bxe5 17. c3 Nc6 18. Bg5 Bg7 19. exf5 Bxf5
20. Rxe8 Qxe8 21. Re1 Qf7 22. Nf4 Kh8 23. Bd5 Qd7 24. Ne6 Re8 25. Nxg7
Rxe1+ 26. Qxe1 Kxg7 27. Qe3 Ne5 28. d4 cxd4 29. cxd4 Nc6 30. Bh6+ Kh8 31.
Bg5 Kg7 32. Qf4 Ne7 33. Bb3 Ng8 34. Qf3 h6 35. Bf4 Nf6 36. Qe2 Be4 37. Bc4
g5 38. Bd2 d5 39. Bb5 Qf5 40. Qf2 Bf3 41. Qf1 Ne4 42. Be3 Qg4 43. Qc1 Nf6
44. Qc7+ Kg6 45. Qe5 Qe4 46. Qxe4+ dxe4 47. h3 a6 48. Bc4 { Game drawn by
mutual agreement } 1/2-1/2

[Event "ICC tourney 2333 (75 10)"]
[Site "Internet Chess Club"]
[Date "2021.01.24"]
[Round "4"]
[White "blueeagle405"]
[Black "musk6868"]
[Result "1-0"]
[ICCResult "Black forfeits on time"]
[WhiteElo "1998"]
[BlackElo "2051"]
[Opening "Nimzo-Indian: 4.e3, Gligoric system with 7...dc"]
[ECO "E54"]
[NIC "NI.04"]
[Time "13:01:35"]
[PlyCount "65"]
[TimeControl "4500+10"]

1. d4 Nf6 2. c4 e6 3. Nc3 Bb4 4. e3 O-O 5. Bd3 c5 6. Nf3 d5 7. O-O dxc4 8.
Bxc4 cxd4 9. exd4 b6 10. a3 Bxc3 11. bxc3 Bb7 12. Re1 Nbd7 13. Bg5 Qc7 14.
Bd3 Qxc3 15. Ne5 Nxe5 16. dxe5 Qc6 17. f3 Nd5 18. Rc1 Qd7 19. Rc4 Ba6 20.
Rh4 Bxd3 21. Qxd3 g6 22. Qd2 Qc7 23. Ree4 Qc3 24. Qf2 Qa1+ 25. Re1 Qxa3 26.
Rd4 Rfc8 27. Qh4 Rc2 28. Kh1 a5 29. Red1 Rac8 30. Bf6 Qe3 31. Re4 Qf2 32.
Qg5 h6 33. Rh4 { Black forfeits on time } 1-0

[Event "ICC tourney 2333 (75 10)"]
[Site "Internet Chess Club"]
[Date "2021.01.24"]
[Round "4"]
[White "marble"]
[Black "MCTS13"]
[Result "1-0"]
[ICCResult "Black resigns"]
[WhiteElo "2508"]
[BlackElo "2195"]
[Opening "Ruy Lopez: Steinitz defense deferred (Russian defense)"]
[ECO "C79"]
[NIC "RL.12"]
[Time "13:01:23"]
[PlyCount "99"]
[TimeControl "4500+10"]

1. e4 e5 2. Nf3 Nc6 3. Bb5 a6 4. Ba4 Nf6 5. O-O d6 6. c3 g6 7. Bxc6+ bxc6
8. d4 Bg7 9. dxe5 Nxe4 10. Qa4 Nc5 11. Qxc6+ Bd7 12. Qd5 Be6 13. Qd4 O-O
14. Bg5 Qb8 15. Bf6 Bxf6 16. exf6 Nd7 17. Nbd2 Qd8 18. Ne4 Bf5 19. Nfd2 Re8
20. Rae1 Re6 21. Re3 Nxf6 22. Ng3 c5 23. Qh4 Bc2 24. Rxe6 fxe6 25. Re1 Bf5
26. Nc4 d5 27. Ne5 Nd7 28. Nxf5 gxf5 29. Qg3+ Kf8 30. Qe3 Kg8 31. Nc6 Qf6
32. Qxe6+ Qxe6 33. Rxe6 Kf8 34. Ne5 Nxe5 35. Rxe5 Rb8 36. Rxf5+ Ke7 37.
Rxd5 Rxb2 38. g4 Rxa2 39. Rxc5 Kd6 40. Rh5 a5 41. Rxh7 Ke5 42. Kg2 a4 43.
Rh5+ Ke4 44. Ra5 Kd3 45. g5 Kxc3 46. g6 Kb4 47. Ra8 Ka3 48. g7 Rb2 49. g8=Q
Rb8 50. Qxb8 { Black resigns } 1-0

[Event "ICC tourney 2333 (75 10)"]
[Site "Internet Chess Club"]
[Date "2021.01.24"]
[Round "4"]
[White "BlueJay01"]
[Black "ASharikov"]
[Result "1/2-1/2"]
[ICCResult "Game drawn because neither player has mating material"]
[WhiteElo "2098"]
[BlackElo "2281"]
[Opening "English: closed system"]
[ECO "A25"]
[NIC "EO.19"]
[Time "13:01:30"]
[PlyCount "158"]
[TimeControl "4500+10"]

1. c4 Nc6 2. g3 e5 3. Bg2 g6 4. Nc3 Bg7 5. Nf3 d6 6. d3 h6 7. Rb1 f5 8. Bd2
Nf6 9. O-O O-O 10. b4 Be6 11. b5 Ne7 12. a4 g5 13. Ne1 Rb8 14. Nc2 f4 15.
Nb4 Qd7 16. Ncd5 Nexd5 17. Nxd5 Nxd5 18. cxd5 Bh3 19. Rc1 Rf7 20. f3 h5 21.
Bxh3 Qxh3 22. Qe1 Rbf8 23. Qf2 Bf6 24. Qg2 Qd7 25. g4 Rh7 26. gxh5 Qf7 27.
Rc4 Qxd5 28. Rfc1 Bd8 29. Qg4 Qf7 30. Kh1 Qxh5 31. Qxh5 Rxh5 32. Kg2 Kf7
33. h3 Rfh8 34. Rh1 Ke6 35. Be1 Kd7 36. Bf2 a6 37. e4 axb5 38. axb5 c5 39.
bxc6+ bxc6 40. d4 Bf6 41. dxe5 Bxe5 42. Bd4 Bxd4 43. Rxd4 Rb8 44. Rd2 Kc7
45. Rhd1 Rh6 46. Rc2 Rbh8 47. Rh1 Kd7 48. Rd2 R6h7 49. Rc2 c5 50. e5 Rc8
51. Rd1 Rh6 52. Rcd2 Rc6 53. h4 gxh4 54. Kh3 c4 55. Rc2 Rg6 56. Rd4 Rg3+
57. Kxh4 Rxf3 58. exd6 Rc8 59. Rcxc4 Rg8 60. Rxf4 Rd3 61. Rcd4 Ra3 62. Rg4
Rh8+ 63. Kg5 Rf3 64. Rdf4 Rfh3 65. Kf5 R3h5+ 66. Ke4 Re8+ 67. Kd4 Re6 68.
Rg7+ Kxd6 69. Ra7 Rd5+ 70. Kc4 Ke5 71. Rf2 Rc6+ 72. Kb3 Rb5+ 73. Ka2 Kd4
74. Rh2 Kc5 75. Rc2+ Kb6 76. Rxc6+ Kxa7 77. Rc3 Ra5+ 78. Ra3 Ka6 79. Rxa5+
Kxa5 { Game drawn because neither player has mating material } 1/2-1/2

[Event "ICC tourney 2333 (75 10)"]
[Site "Internet Chess Club"]
[Date "2021.01.24"]
[Round "4"]
[White "Solidwrench2"]
[Black "DenizG123"]
[Result "0-1"]
[ICCResult "White resigns"]
[WhiteElo "1955"]
[BlackElo "2040"]
[Opening "Sicilian: Pelikan, Chelyabinsk variation"]
[ECO "B33"]
[NIC "SI.37"]
[Time "13:01:27"]
[PlyCount "100"]
[TimeControl "4500+10"]

1. e4 c5 2. Nf3 Nc6 3. d4 cxd4 4. Nxd4 Nf6 5. Nc3 e5 6. Ndb5 d6 7. Bg5 a6
8. Na3 b5 9. Nd5 Be7 10. Bxf6 Bxf6 11. c4 b4 12. Nc2 O-O 13. g3 Bg5 14. Bg2
Rb8 15. b3 f5 16. exf5 Bxf5 17. O-O Kh8 18. Nde3 Ne7 19. Nxf5 Nxf5 20. Qd3
Qb6 21. Be4 g6 22. Rad1 Rbd8 23. h4 Bh6 24. Kg2 Rf6 25. h5 Rdf8 26. hxg6
hxg6 27. f3 Kg7 28. Rh1 Qa5 29. g4 Nd4 30. Nxd4 exd4 31. Qc2 Be3 32. Rh3
Qg5 33. Rdh1 R6f7 34. Bd5 Rf4 35. Rh7+ Kf6 36. R1h3 d3 37. Qxd3 Rd4 38. Qf1
Rd2+ 39. Kh1 Rc2 40. Qa1+ Rc3 41. f4 Qxf4 42. Rf3 Qxf3+ 43. Bxf3 Kg5 44.
Qb2 Rxf3 45. Rd7 Rf2 46. Qxf2 Bxf2 47. Rxd6 a5 48. Ra6 Rc2 49. Rxa5+ Kxg4
50. Rb5 Kh3 { White resigns } 0-1

[Event "ICC tourney 2333 (75 10)"]
[Site "Internet Chess Club"]
[Date "2021.01.24"]
[Round "4"]
[White "canary2016"]
[Black "e4betterthand4"]
[Result "1-0"]
[ICCResult "Black checkmated"]
[WhiteElo "1923"]
[BlackElo "2130"]
[Opening "Catalan: closed, main line"]
[ECO "E09"]
[NIC "CA.04"]
[Time "13:01:33"]
[PlyCount "115"]
[TimeControl "4500+10"]

1. Nf3 d5 2. c4 e6 3. d4 Nf6 4. g3 Be7 5. Bg2 O-O 6. O-O Nbd7 7. Qc2 c6 8.
Nbd2 b6 9. e4 dxe4 10. Nxe4 Nxe4 11. Qxe4 Ba6 12. b3 c5 13. Rd1 Bf6 14. Bb2
Qc7 15. Rab1 Rad8 16. Qe3 cxd4 17. Nxd4 Bb7 18. Nb5 Qb8 19. Ba3 Bxg2 20.
Kxg2 Rfe8 21. Bd6 Qb7+ 22. f3 Rc8 23. Ba3 Be5 24. Bb2 Bb8 25. Rd2 f6 26.
Rbd1 Nf8 27. Ba3 a6 28. Nc3 b5 29. Ne4 bxc4 30. bxc4 Rxc4 31. Bxf8 Rxf8 32.
Nd6 Bxd6 33. Qxe6+ Qf7 34. Qxd6 Qb7 35. Qe6+ Qf7 36. Qxa6 Rc7 37. a4 h5 38.
Qb5 h4 39. a5 Ra8 40. Qb4 hxg3 41. Rd8+ Rxd8 42. Rxd8+ Kh7 43. Qh4+ Kg6 44.
Qe4+ f5 45. Rd6+ Kh5 46. Rd5 Rc2+ 47. Qxc2 Qxd5 48. a6 gxh2 49. Qe2 Qd6 50.
Kh1 g5 51. Qxh2+ Qxh2+ 52. Kxh2 g4 53. fxg4+ Kxg4 54. Kg2 f4 55. a7 f3+ 56.
Kf2 Kh3 57. a8=Q Kh2 58. Qh8# { Black checkmated } 1-0

[Event "ICC tourney 2333 (75 10)"]
[Site "Internet Chess Club"]
[Date "2021.01.24"]
[Round "4"]
[White "Yucheng"]
[Black "GeorgeDai"]
[Result "0-1"]
[ICCResult "White resigns"]
[WhiteElo "1889"]
[BlackElo "2086"]
[Opening "Nimzo-Indian: 4.e3 O-O, 5.Bd3"]
[ECO "E47"]
[NIC "NI.11"]
[Time "13:01:26"]
[PlyCount "184"]
[TimeControl "4500+10"]

1. d4 Nf6 2. c4 e6 3. Nc3 Bb4 4. e3 O-O 5. Bd3 Bxc3+ 6. bxc3 d6 7. Nf3 c5
8. O-O Nc6 9. Bb2 e5 10. Nd2 Bg4 11. f3 Bd7 12. Ne4 Nxe4 13. Bxe4 f5 14.
Bd5+ Kh8 15. Qc2 Qc7 16. Rfd1 Rf6 17. Rd2 Raf8 18. Rad1 Be8 19. Ba3 b6 20.
Rf2 f4 21. e4 Qe7 22. Bc1 Rg6 23. Kf1 Qh4 24. h3 Qg3 25. Ke1 Rh6 26. Qe2
Na5 27. Kd2 Rhf6 28. Bb2 Bd7 29. Kc1 Bc8 30. Kb1 Ba6 31. Rc1 Qg6 32. Rff1
Qe8 33. Rfd1 Qa4 34. Qc2 Qxc2+ 35. Rxc2 Bxc4 36. dxe5 dxe5 37. Rcd2 h6 38.
Bc1 Rd8 39. Bxc4 Rxd2 40. Rxd2 Nxc4 41. Re2 Rd6 42. Kc2 Kg8 43. Re1 Kf7 44.
Rd1 Rxd1 45. Kxd1 Ke6 46. Kc2 Kd6 47. Kb3 Na5+ 48. Kc2 Kc6 49. Kd3 Kb5 50.
Bb2 c4+ 51. Kc2 Nb7 52. Ba3 Nc5 53. Kd2 g6 54. Kc2 h5 55. Kd2 Kc6 56. Kc2
b5 57. Kd2 a5 58. Kc2 Nd3 59. Bf8 b4 60. cxb4 axb4 61. Kd2 Kb5 62. a3 bxa3
63. Bxa3 Ka4 64. Bd6 Kb3 65. Bb8 Kb4 66. Bd6+ Kb5 67. Kc3 Ne1 68. Bxe5 Nxg2
69. Bc7 Kc5 70. Be5 Nh4 71. Bxf4 Nxf3 72. e5 Kd5 73. e6 Kxe6 74. Kxc4 Kf5
75. Bg3 Ng1 76. Kd4 Nxh3 77. Ke3 g5 78. Ke2 h4 79. Be1 Kg4 80. Kf1 Kf3 81.
Ba5 g4 82. Bd8 Kg3 83. Bc7+ Nf4 84. Kg1 h3 85. Kh1 Kf3 86. Kh2 g3+ 87. Kh1
Ne2 88. Bb6 Kg4 89. Ba7 Nf4 90. Bb8 Nd3 91. Ba7 Nf2+ 92. Kg1 h2+ { White
resigns } 0-1

[Event "ICC tourney 2333 (75 10)"]
[Site "Internet Chess Club"]
[Date "2021.01.24"]
[Round "5"]
[White "Mrpeetapizza"]
[Black "ryanwang"]
[Result "1/2-1/2"]
[ICCResult "Game drawn by mutual agreement"]
[WhiteElo "1913"]
[BlackElo "1911"]
[Opening "Sicilian: Pelikan, Chelyabinsk variation"]
[ECO "B33"]
[NIC "SI.37"]
[Time "16:31:48"]
[PlyCount "40"]
[TimeControl "4500+10"]

1. e4 c5 2. Nf3 Nc6 3. d4 cxd4 4. Nxd4 Nf6 5. Nc3 e5 6. Ndb5 d6 7. Bg5 a6
8. Na3 b5 9. Nd5 Be7 10. Bxf6 Bxf6 11. c4 b4 12. Nc2 O-O 13. Be2 a5 14. O-O
Bg5 15. Nce3 Be6 16. Bg4 Rb8 17. Bf5 g6 18. Bg4 Kh8 19. Qa4 Qd7 20. Bf3 Nd4
{ Game drawn by mutual agreement } 1/2-1/2

[Event "ICC tourney 2333 (75 10)"]
[Site "Internet Chess Club"]
[Date "2021.01.24"]
[Round "5"]
[White "mikolka1985"]
[Black "marble"]
[Result "0-1"]
[ICCResult "White resigns"]
[WhiteElo "2545"]
[BlackElo "2508"]
[Opening "Queen's Indian: old main line, 7.Nc3"]
[ECO "E18"]
[NIC "QI.10"]
[Time "16:31:49"]
[PlyCount "32"]
[TimeControl "4500+10"]

1. d4 Nf6 2. c4 e6 3. Nf3 b6 4. g3 Bb7 5. Bg2 Be7 6. O-O O-O 7. Nc3 Ne4 8.
Bd2 d5 9. cxd5 exd5 10. Qa4 Nd7 11. Rfd1 Bd6 12. b4 Qe7 13. e3 Ndf6 14.
Rab1 Ng4 15. Rf1 Nxe3 16. Nxe4 Nxf1 { White resigns } 0-1

[Event "ICC tourney 2333 (75 10)"]
[Site "Internet Chess Club"]
[Date "2021.01.24"]
[Round "5"]
[White "BreatheChessAls"]
[Black "redhawk2020"]
[Result "1/2-1/2"]
[ICCResult "Game drawn by mutual agreement"]
[WhiteElo "1915"]
[BlackElo "1954"]
[Opening "Queen's pawn: London system"]
[ECO "A45"]
[NIC "QP.07"]
[Time "16:31:48"]
[PlyCount "66"]
[TimeControl "4500+10"]

1. d4 Nf6 2. Bf4 d6 3. e3 g6 4. Nf3 Bg7 5. h3 O-O 6. Be2 Nbd7 7. O-O Qe8 8.
c4 e5 9. Bh2 Ne4 10. Nc3 Nxc3 11. bxc3 f5 12. Qb3 Kh8 13. Rad1 e4 14. Nd2
g5 15. Qc2 Nf6 16. Rde1 Qg6 17. f3 g4 18. hxg4 Bh6 19. f4 Nxg4 20. Bxg4
Qxg4 21. Nb3 Rg8 22. Kh1 Be6 23. d5 Bf7 24. Nd4 a6 25. Qe2 Qg6 26. Rg1 Bg7
27. Qf2 Qh5 28. Qe2 Qxe2 29. Rxe2 Bh5 30. Rb2 Bxd4 31. cxd4 b6 32. Rc1 Bf7
33. Bg1 Rgb8 { Game drawn by mutual agreement } 1/2-1/2

[Event "ICC tourney 2333 (75 10)"]
[Site "Internet Chess Club"]
[Date "2021.01.24"]
[Round "5"]
[White "Chessking2008"]
[Black "nithin"]
[Result "1/2-1/2"]
[ICCResult "Game drawn by mutual agreement"]
[WhiteElo "2200"]
[BlackElo "2232"]
[Opening "King's Indian: orthodox, Aronin-Taimanov, bayonet attack"]
[ECO "E97"]
[NIC "KI.05"]
[Time "16:31:46"]
[PlyCount "69"]
[TimeControl "4500+10"]

1. d4 Nf6 2. c4 g6 3. Nc3 Bg7 4. e4 d6 5. Nf3 O-O 6. Be2 e5 7. O-O Nc6 8.
d5 Ne7 9. b4 Nh5 10. Re1 f5 11. Nd2 Nf6 12. c5 fxe4 13. Ndxe4 Nf5 14. Nxf6+
Bxf6 15. Ne4 Bg7 16. Bg4 Nd4 17. Bxc8 Rxc8 18. Bb2 dxc5 19. bxc5 Qxd5 20.
Qa4 Qc6 21. Qc4+ Qe6 22. Qa4 b5 23. cxb6 cxb6 24. Rad1 Rc4 25. Qxa7 Nc2 26.
Re2 Nb4 27. Rd6 Qc8 28. g3 Qg4 29. Rd7 Bh8 30. Re3 Rxe4 31. f3 Qf5 32. Rxe4
Qxf3 33. Rf4 Qe3+ 34. Kg2 Qe2+ 35. Kg1 { Game drawn by mutual agreement }
1/2-1/2

[Event "ICC tourney 2333 (75 10)"]
[Site "Internet Chess Club"]
[Date "2021.01.24"]
[Round "5"]
[White "DLWarrior"]
[Black "kunalsh"]
[Result "1-0"]
[ICCResult "Black forfeits on time"]
[WhiteElo "1968"]
[BlackElo "2054"]
[Opening "Vienna gambit"]
[ECO "C29"]
[NIC "VG.03"]
[Time "16:32:38"]
[PlyCount "39"]
[TimeControl "4500+10"]

1. e4 e5 2. Nc3 Nf6 3. f4 d5 4. fxe5 Nxe4 5. Nf3 Nxc3 6. bxc3 Nc6 7. d4 Be7
8. Bd3 O-O 9. O-O f6 10. Qe1 fxe5 11. dxe5 Bg4 12. Qg3 Bxf3 13. gxf3 Bc5+
14. Kh1 Qe8 15. Bf4 Qf7 16. Bg5 Rae8 17. Qh3 g6 18. f4 Qe6 19. f5 Qxe5 20.
fxg6 { Black forfeits on time } 1-0

[Event "ICC tourney 2333 (75 10)"]
[Site "Internet Chess Club"]
[Date "2021.01.24"]
[Round "5"]
[White "ASharikov"]
[Black "canary2016"]
[Result "1-0"]
[ICCResult "Black resigns"]
[WhiteElo "2281"]
[BlackElo "1923"]
[Opening "Dunst (Sleipner, Heinrichsen) opening"]
[ECO "A00"]
[NIC "VO.15"]
[Time "16:32:38"]
[PlyCount "61"]
[TimeControl "4500+10"]

1. Nc3 d5 2. e3 Nf6 3. Nf3 e6 4. b3 Bd6 5. Bb2 O-O 6. Nb5 b6 7. Ne5 a6 8.
Nxd6 cxd6 9. Ng4 e5 10. Nxf6+ Qxf6 11. g3 Bb7 12. Bg2 Qe7 13. O-O Nd7 14.
Qg4 Nf6 15. Qb4 Qc7 16. Rac1 a5 17. Qh4 b5 18. f4 Nd7 19. fxe5 dxe5 20. Rf5
Qd6 21. g4 Rac8 22. g5 a4 23. Bc3 Rfe8 24. bxa4 Rc4 25. Qf2 Rxa4 26. Rxf7
b4 27. Rf1 Rf8 28. Bxe5 Qc5 29. Rxg7+ Kh8 30. Rxd7+ Kg8 31. Rg7+ { Black
resigns } 1-0

[Event "ICC tourney 2333 (75 10)"]
[Site "Internet Chess Club"]
[Date "2021.01.24"]
[Round "5"]
[White "RisingRook"]
[Black "fleshlumpeater"]
[Result "1-0"]
[ICCResult "Black resigns"]
[WhiteElo "1988"]
[BlackElo "1966"]
[Opening "Sicilian: Nimzovich-Rossolimo attack (with ...g6, without ...d6)"]
[ECO "B31"]
[NIC "SI.31"]
[Time "16:32:38"]
[PlyCount "53"]
[TimeControl "4500+10"]

1. e4 c5 2. Nf3 Nc6 3. Bb5 g6 4. Bxc6 bxc6 5. O-O Bg7 6. d3 Nf6 7. Nc3 d6
8. e5 dxe5 9. Nxe5 O-O 10. Nc4 Qc7 11. h3 Nd5 12. Ne4 Nf4 13. Be3 Rd8 14.
Qd2 Ne6 15. Rab1 Rd5 16. Qa5 Qd7 17. Qa3 Nd4 18. Nxc5 Qf5 19. Ne4 Nxc2 20.
Qxe7 Rxd3 21. Rbd1 Bf8 22. Nf6+ Kg7 23. Bh6+ Kxh6 24. Qxf8+ Kg5 25. Nxh7+
Kf4 26. g3+ Kf3 27. Rxd3+ { Black resigns } 1-0

[Event "ICC tourney 2333 (75 10)"]
[Site "Internet Chess Club"]
[Date "2021.01.24"]
[Round "5"]
[White "e4betterthand4"]
[Black "KittiesRock18"]
[Result "0-1"]
[ICCResult "White checkmated"]
[WhiteElo "2130"]
[BlackElo "1905"]
[Opening "Sicilian: Sozin, Leonhardt variation"]
[ECO "B88"]
[NIC "SI.26"]
[Time "16:32:02"]
[PlyCount "92"]
[TimeControl "4500+10"]

1. e4 c5 2. Nf3 d6 3. d4 cxd4 4. Nxd4 Nf6 5. Nc3 Nc6 6. Bc4 e6 7. O-O a6 8.
Be3 Be7 9. f4 O-O 10. f5 d5 11. exd5 exd5 12. Bb3 Bc5 13. Kh1 Bb4 14. Bg5
Bxc3 15. bxc3 Ne5 16. Qe1 Re8 17. Ne6 Bxe6 18. Qxe5 Bd7 19. Qd4 Bc6 20.
Rae1 Qd6 21. c4 Re4 22. Rxe4 Nxe4 23. Bh4 dxc4 24. Qxc4 Qd2 25. Qxf7+ Kh8
26. Rg1 Qh6 27. Be1 Re8 28. Rf1 Qg5 29. Bg3 Nxg3+ 30. hxg3 Qxg3 31. Bd5
Qh4+ 32. Kg1 Qd4+ 33. Kh2 Qe5+ 34. Kg1 Bxd5 35. Qh5 Bxa2 36. Rf4 Rc8 37.
Rh4 h6 38. Qg5 Rxc2 39. Rxh6+ gxh6 40. Qxh6+ Kg8 41. f6 Qe1+ 42. Kh2 Qe5+
43. Kh1 Qg3 44. f7+ Bxf7 45. Qh2 Rc1+ 46. Qg1 Qh4# { White checkmated } 0-1